 Dungeon Crawl Stone Soup version 0.28-a0-980-g3664467d6e (webtiles) character file.

Game seed: 5218726409939872683

170 AarnesTheHuman the Grave Robber (level 5, -2/38 HPs)
             Began as a Vampire Necromancer on Dec 2, 2021.
             Slain by a gnoll (9 damage)
             ... on level 4 of the Dungeon.
             The game lasted 00:12:22 (4329 turns).

AarnesTheHuman the Grave Robber (VpNe)              Turns: 4329, Time: 00:12:23

Health: -2/38      AC:  3    Str:  7    XL:     5   Next: 25%
Magic:  5/9        EV: 11    Int: 20    God:
Gold:   150        SH:  0    Dex: 14    Spells: 8/10 levels left

rFire   . . .      SeeInvis +   a - +1 dagger (speed)
rCold   . . .      Faith    .   (no shield)
rNeg    . . .      Spirit   .   m - +0 leather armour
rPois   .          Reflect  .   (no helmet)
rElec   .          Harm     .   (no cloak)
rCorr   .          Rampage  .   (no gloves)
Will    .....                   (no boots)
Stlth   +++.......              (no amulet)
HPRegen 0.32/turn               (no ring)
MPRegen 0.11/turn               (no ring)

@: healing quickly
A: alive, fangs 3, see invisible, vampiric 2
a: Exsanguinate


You were on level 4 of the Dungeon.
You visited 1 branch of the dungeon, and saw 4 of its levels.

You collected 150 gold pieces.

Inventory:

Hand Weapons
 a - a +1 dagger of speed (weapon)
 b - a +0 hunting sling
 d - a +0 mace
 f - a +0 vampiric short sword
 g - a +0 dagger
 i - a +0 rapier
Missiles
 k - 103 stones (quivered)
 w - 11 poisoned darts
Armour
 m - a +0 leather armour (worn)
 r - a +0 robe
 t - a +0 scale mail
Jewellery
 h - a ring of ice
Wands
 u - a wand of flame (26)
Scrolls
 j - a scroll of vulnerability
 n - a scroll of blinking
 q - a scroll of enchant armour {unknown}
Potions
 c - a potion of invisibility {unknown}
 e - 2 potions of resistance {unknown}
 l - 2 potions of might {unknown}
 o - a potion of flight {unknown}
 p - a potion of brilliance {unknown}
 s - a potion of attraction {unknown}
 v - 2 potions of degeneration {unknown}


   Skills:
 + Level 2.0 Fighting
 - Level 2.1 Dodging
 + Level 5.0 Stealth
 + Level 3.0 Spellcasting
 + Level 5.2 Necromancy


You had 8 spell levels left.
You knew the following spells:

 Your Spells              Type           Power      Damage    Failure   Level
a - Pain                  Necr           96%        1d8       2%          1
b - Animate Skeleton      Necr           48%        N/A       2%          1

Your spell library contained the following spells:

 Spells                   Type           Power      Damage    Failure   Level
 Vampiric Draining        Necr           24%        2d7       8%          3
 Magic Dart               Conj           12%        1d3       22%         1
 Sandblast                Erth           6%         2d5       22%         1
 Animate Dead             Necr           12%        N/A       24%         4
 Blink                    Tloc           6%         N/A       32%         2
 Call Imp                 Summ           3%         N/A       32%         2
 Passwall                 Tmut/Erth      2%         N/A       32%         2
 Lesser Beckoning         Tloc           3%         N/A       54%         3
 Mephitic Cloud           Conj/Pois/Air  3%         N/A       54%         3
 Stone Arrow              Conj/Erth      6%         3d7       54%         3
 Agony                    Necr           24%        N/A       56%         5
 Manifold Assault         Tloc           3%         N/A       99%         5


Dungeon Overview and Level Annotations

Branches:
Dungeon (4/15)
 Temple: D:4-7

Altars:

Shops:
D:3 *

Annotations:
D:3 3 runed translucent doors, exclusions: black bear, 3 doors and kobold, Loefaen's ghost, weakling TrMo; bgiannan's ghost, weakling HOMo


Innate Abilities, Weirdness & Mutations

Your natural rate of healing is accelerated.
You have razor-sharp teeth.
You have supernaturally acute eyesight. (SInv)
You are afflicted with vampirism and can become a bat while bloodless.


Message History

Aim: a kobold, wielding a +0 club and quivering stones (moderately wounded, chance to affect: 93%)
The kobold writhes in agony!
You kill the kobold!
A gnoll comes into view. It is wielding a +0 spear.
Press: ? - help, v - describe, . - travel, g - get item
Items here: a +0 club; 3 stones.
The floor.
Unknown command.
Casting: Pain (safe; 2% risk of failure)
Confirm with . or Enter, or press ? or * to list all spells.
Aiming: Pain (safe; 2% risk of failure)
Press: ? - help, Shift-Dir - straight line, f - gnoll
Aim: a gnoll, wielding a +0 spear (wandering, hasn't noticed you, chance to affect: 88%)
The gnoll writhes in agony.
The gnoll shouts!
Casting: Pain (safe; 2% risk of failure)
Confirm with . or Enter, or press ? or * to list all spells.
Aiming: Pain (safe; 2% risk of failure)
Press: ? - help, Shift-Dir - straight line, f/p - gnoll
Aim: a gnoll, wielding a +0 spear (chance to affect: 88%)
The gnoll writhes in agony.
The gnoll misses you.
You hit the gnoll.
The gnoll is lightly wounded.
You completely miss the gnoll.
The gnoll is lightly wounded.
The gnoll hits you from afar with a +0 spear!
The gnoll hits you with a +0 flail!
You hit the gnoll.
The gnoll is lightly wounded.
The gnoll hits you from afar with a +0 spear.
You hit the gnoll.
The gnoll is moderately wounded.
The gnoll hits you with a +0 flail.
* * * LOW HITPOINT WARNING * * *
You closely miss the gnoll. You bite the gnoll.
The gnoll is heavily wounded.
The gnoll hits you from afar with a +0 spear.
* * * LOW HITPOINT WARNING * * *
The gnoll hits you with a +0 flail!
You die...

#.# #.####......#
#.# #........####
#.# #####.#.## #.#
#.###.#(#
#.##...##.#.#
#.###.......#.#..
#..........##....
#.#####.#.###..###
#@# # #.. #g#


gg. ..g.. ....... ........# ##........ .......... You could see 4 gnolls.

Vanquished Creatures
  Terence (D:3)
  6 adders
  2 worms
  2 dart slugs
  6 orcs
  A ball python (D:1)
  3 endoplasms (D:1)
  7 giant cockroaches
  4 goblins
  4 hobgoblins
  8 kobolds
  5 quokkas (D:1)
  7 bats
  6 frilled lizards
  8 rats
70 creatures vanquished.

Vanquished Creatures (collateral kills)
  An endoplasm (D:2)
  2 hobgoblins
3 creatures vanquished.

Grand Total: 73 creatures vanquished

Notes
Turn   | Place    | Note
-------+----------+-------------------------------------------
     0 | D:1      | AarnesTheHuman the Vampire Necromancer began the quest for
                  | the Orb.
     0 | D:1      | Reached XP level 1. HP: 13/13 MP: 3/3
     2 | D:1      | Learned a level 1 spell: Animate Skeleton
   459 | D:1      | Reached XP level 2. HP: 19/20 MP: 3/5
   776 | D:1      | Found a faded altar of an unknown god.
  1242 | D:1      | Gained mutation: You are afflicted with vampirism and can
                  | become a bat while bloodless. [Vampire growth]
  1242 | D:1      | Reached XP level 3. HP: 22/25 MP: 2/6
  1292 | D:1      | Reached skill level 1 in Fighting
  2181 | D:2      | Reached XP level 4. HP: 32/32 MP: 7/7
  2186 | D:2      | Reached skill level 5 in Necromancy
  2922 | D:3      | Noticed Terence
  3030 | D:3      | Noticed a black bear
  3220 | D:3      | Found Wufem's Assorted Antiques.
  3275 | D:3      | Found a runed translucent gate.
  3275 | D:3      | Found a runed translucent gate.
  3276 | D:3      | Found a runed translucent gate.
  3277 | D:3      | Noticed bgiannan's ghost (weakling HOMo)
  3278 | D:3      | Noticed Loefaen's ghost (weakling TrMo)
  3535 | D:3      | Killed Terence
  3536 | D:3      | Reached XP level 5. HP: 10/38 MP: 1/9
  4185 | D:4      | Reached skill level 5 in Stealth
  4329 | D:4      | Slain by a gnoll

Illustrated notes

Levels and vault maps discovered:
D:1:      scummos_arrival_hexagon, layout_basic,
          shapermc_ecumenical_altar_starsandcircs, serial_rivers,
          chequers_serial_rivers_small_3, chequers_serial_rivers_small_3,
          chequers_serial_rivers_small_b, chequers_serial_rivers_micro_b,
          chequers_serial_rivers_micro_c
D:2:      layout_loops_cross
D:3:      layout_loops_ring, serial_shops, shop_statue,
          gammafunk_ghost_cemetery, corexii_leaking_fountain,
          minmay_misc_feat_five, nicolae_figureground_sparkle, uniq_terence
D:4:      layout_loops_ring

Skill      XL: |  1  2  3  4  5 |
---------------+----------------+-----
Fighting       | 1 2 |  2.0
Stealth        | 4 5 |  5.0
Necromancy     | 5 |  5.2
Spellcasting   | 3 |  3.0
Dodging        | |  2.1

Action                   |  1- 3 |  4- 6 || total
-------------------------+-------+-------++-------
Melee: Dagger            |    29 |    31 ||    60
       Bite              |     2 |     2 ||     4
 Fire: Hunting sling     |       |     4 ||     4
 Cast: Pain              |    80 |    52 ||   132
       Animate Skeleton  |    15 |     6 ||    21
  Use: Scroll            |       |     6 ||     6
 Stab: Sleeping          |     3 |     2 ||     5
Armor: Robe              |     5 |       ||     5
       Leather armour    |       |     7 ||     7
Dodge: Dodged            |    23 |    18 ||    41

Table legend: (Time is in decaauts)
 A = Elapsed time spent in this place.
 B = Non-inter-level travel time spent in this place.
 C = Inter-level travel time spent in this place.
 D = Time resting spent in this place.
 E = Time spent auto-exploring this place.
 F = Levels seen in this place.
 G = Mean time per level.
                   A        B        C        D        E       F      G
               +--------+--------+--------+--------+--------+-----+--------+
         Total |   4337 |   4145 |    192 |    572 |   2632 |   4 | 1084.2 |
       Dungeon |   4337 |   4145 |    192 |    572 |   2632 |   4 | 1084.2 |
               +--------+--------+--------+--------+--------+-----+--------+

Top non-repeatable levels by time:
     D:1: 2044 daAuts
     D:3: 1038 daAuts
     D:2: 917 daAuts
     D:4: 336 daAuts
